 Dungeon Crawl Stone Soup version 0.30-a0-715-gdb4ae3ece1 (webtiles) character file.

Game seed: 9099973557789769106

65 Azfaa the Ducker (level 3, -1/21 HPs)
             Began as a Deep Elf Gladiator on Jan 23, 2023.
             Slain by Natasha (5 damage)
             ... on level 2 of the Dungeon.
             The game lasted 00:04:55 (800 turns).

Azfaa the Ducker (Deep Elf Gladiator)                Turns: 800, Time: 00:04:56

Health: -1/21      AC:  5    Str: 11    XL:     3   Next: 92%
Magic:  6/6        EV: 13    Int: 12    God:
Gold:   56         SH:  0    Dex: 18    Spells: 2/4 levels left

rFire   . . .      SeeInvis .    a - +1 rapier
rCold   . . .      Faith    .    (no shield)
rNeg    . . .      Spirit   .    b - +0 leather armour
rPois   .          Reflect  .    c - +0 helmet
rElec   .          Harm     .    (no cloak)
rCorr   .          Rampage  .    (no gloves)
Will    .....                    f - +0 pair of boots
Stlth   +                        (no amulet)
HPRegen 0.23/turn                (no ring)
MPRegen 0.10/turn                (no ring)

@: no status effects
A: no striking features
a: no special abilities


You were on level 2 of the Dungeon.
You visited 1 branch of the dungeon, and saw 2 of its levels.

You collected 56 gold pieces.

Inventory:

Hand Weapons
 a - a +1 rapier (weapon)
 k - a +1 dagger of pain
 n - a +0 arbalest
Missiles
 d - 2 throwing nets (quivered)
 e - a javelin
Armour
 b - a +0 leather armour (worn)
 c - a +0 helmet (worn)
 f - a +0 pair of boots (worn)
Potions
 l - a potion of ambrosia


   Skills:
 + Level 1.9 Fighting
 + Level 3.9 Short Blades
 - Level 2.0 Throwing
 + Level 0.1 Armour
 + Level 4.4 Dodging
 * Level 1.1 Spellcasting


You had 2 spell levels left.
You knew the following spells:

 Your Spells              Type           Power      Damage    Failure   Level
a - Blink                 Tloc           0%         N/A       52%         2

Your spell library contained the following spells:

 Spells                   Type           Power      Damage    Failure   Level
 Magic Dart               Conj           0%         1d3       36%         1
 Call Imp                 Summ           0%         N/A       52%         2
 Lesser Beckoning         Tloc           0%         N/A       52%         2
 Momentum Strike          Conj/Tloc      0%         3d8       52%         2
 Inner Flame              Hex/Fire       0%         N/A       75%         3
 Mephitic Cloud           Conj/Pois/Air  0%         N/A       75%         3
 Flame Wave               Conj/Fire      0%         2d4       98%         4
 Sticky Flame             Conj/Fire      0%         2d3       98%         4


Dungeon Overview and Level Annotations

Branches:
Dungeon (2/15)

Altars:

Annotations:
D:2 Natasha


Message History

Natasha is moderately wounded.
Natasha closely misses you.
You hit Natasha.
Natasha is heavily wounded.
Natasha misses you.
You miss Natasha. You punch Natasha, but do no damage.
Natasha is heavily wounded.
Natasha zaps a wand.
The puff of flame hits you!
* * * LOW HITPOINT WARNING * * *
Throw: 3 throwing nets
Press: ? - help, Q - select action, (/) - cycle Shift-Dir - straight line, f - Natasha
Aim: Natasha, carrying a wand of flame (13) (heavily wounded, 55% to hit)
You throw a throwing net. The throwing net hits Natasha.
Natasha is caught in the net!
Natasha is heavily wounded.
You barely miss Natasha.
Natasha is heavily wounded.
Natasha struggles against the net. x2
You hit Natasha.
Natasha is severely wounded.
Natasha struggles against the net.
You hit Natasha but do no damage.
Natasha is severely wounded.
Natasha struggles against the net.
You hit Natasha but do no damage.
Natasha is severely wounded.
Natasha struggles against the net.
You completely miss Natasha.
Natasha is severely wounded.
Natasha struggles against the net. x2
The net rips apart, and Natasha comes free!
You barely miss Natasha.
Natasha is severely wounded.
Natasha mumbles some strange words.
You hit Natasha.
Natasha is almost dead.
Natasha casts a spell at you. You resist with some effort. Natasha claws you.
You die...

...... ...... .....!
......###########
..........#.....##
#..............##
#...............#
##.....@.........#
......5h..........#
..................#
#..................#
..................# ###
#..#.............##
~~~♣~
#.##♣~~.........##
#♣P~~~~
~♣~P♣♣♣♣#..######
~~~P~~~♣♣♣♣~P~~♣♣...###


You could see Natasha and a shadow imp (summoned).

Vanquished Creatures
  Terence (D:2)
  An adder (D:2)
  A dart slug (D:1)
  2 bats (D:2)
  2 endoplasms (D:2)
  3 goblins (D:1)
  3 hobgoblins
  3 jackals (D:1)
  2 kobolds
  A quokka (D:2)
  2 ball pythons
  2 frilled lizards (D:2)
  2 rats (D:1)
25 creatures vanquished.

Vanquished Creatures (others)
  24 plants (D:2)
24 creatures vanquished.

Grand Total: 49 creatures vanquished

Notes
Turn   | Place    | Note
-------+----------+-------------------------------------------
     0 | D:1      | Azfaa the Deep Elf Gladiator began the quest for the Orb.
     0 | D:1      | Reached XP level 1. HP: 12/12 MP: 3/3
    48 | D:1      | Reached skill level 4 in Dodging
   145 | D:1      | Reached XP level 2. HP: 17/17 MP: 4/4
   578 | D:2      | Reached XP level 3. HP: 21/21 MP: 5/5
   598 | D:2      | Noticed Terence
   619 | D:2      | Killed Terence
   620 | D:2      | Reached skill level 1 in Spellcasting
   689 | D:2      | Learned a level 2 spell: Blink
   704 | D:2      | Noticed Natasha
   711 | D:2      | HP: 1/21 [poisoned by an adder]
   800 | D:2      | Slain by Natasha

Illustrated notes

Levels and vault maps discovered:
D:1:      dpeg_arrival_morbid_curiosity, layout_loops_ring, serial_forest,
          infiniplex_forest_lined_corner, infiniplex_forest_clump_small,
          infiniplex_forest_clump_curved, infiniplex_forest_straight_4,
          infiniplex_forest_pool, infiniplex_forest_clump_C
D:2:      layout_rooms, serial_bayou, serial_bayou_lagoon_b,
          serial_bayou_shore_b, serial_bayou_pond_d, serial_bayou_shore_a,
          serial_bayou_lake_a, serial_bayou_lagoon_a, uniq_natasha, uniq_terence

Skill      XL: |  1  2  3 |
---------------+----------+-----
Dodging        | 4 |  4.4
Spellcasting   | 1 |  1.1
Fighting       | |  1.9
Short Blades   | |  3.9
Throwing       | |  2.0
Armour         | |  0.1

Action                     || total
---------------------------++-------
  Melee: Rapier            ||   111
         Punch             ||     3
  Throw: Throwing net      ||     3
    Use: Potion            ||     6
         Scroll            ||     5
 Armour: Leather armour    ||    38
  Dodge: Dodged            ||    89

Table legend: (Time is in decaauts)
 A = Elapsed time spent in this place.
 B = Non-inter-level travel time spent in this place.
 C = Inter-level travel time spent in this place.
 D = Time resting spent in this place.
 E = Time spent auto-exploring this place.
 F = Levels seen in this place.
 G = Mean time per level.
                   A        B        C        D        E       F      G
               +--------+--------+--------+--------+--------+-----+--------+
         Total |    806 |    806 |      0 |     16 |     16 |   2 |  403.0 |
       Dungeon |    806 |    806 |      0 |     16 |     16 |   2 |  403.0 |
               +--------+--------+--------+--------+--------+-----+--------+

Top non-repeatable levels by time:
     D:1: 429 daAuts
     D:2: 376 daAuts
